 Dungeon Crawl Stone Soup version 0.22-a0-433-gd2a9cce0b5 (webtiles) character file.

18 Maize the Chopper (level 2, -2/40 HPs)
             Began as a Minotaur Berserker on May 29, 2018.
             Was a Follower of Trog.
             Slain by a kobold
             ... wielding a +1 whip of freezing
              (6 damage)
             ... on level 1 of the Dungeon.
             The game lasted 00:02:56 (637 turns).

Maize the Chopper (Minotaur Berserker)               Turns: 637, Time: 00:02:57

Health: -2/40      AC:  2    Str: 23 (26) XL:     2   Next: 48%
Magic:  1/1        EV: 12    Int:  3 (4)  God:    Trog [*.....]
Gold:   60         SH:  0    Dex:  8 (9)  Spells: 1/1 levels left

rFire    . . .     SeeInvis .   a - +0 hand axe
rCold    . . .     Gourm    .   (no shield)
rNeg     . . .     Faith    .   b - +0 animal skin
rPois    .         Spirit   .   (helmet restricted)
rElec    .         Reflect  .   (no cloak)
rCorr    .         Harm     .   (no gloves)
MR       .....                  (no boots)
Stlth    ..........             (no amulet)
HPRegen  0.13/turn              (no ring)
MPRegen  0.07/turn              (no ring)

@: berserking, very quick
A: retaliatory headbutt, horns 2
a: Berserk, Renounce Religion


You were on level 1 of the Dungeon.
You worshipped Trog.
Trog was aware of your devotion.
You were not hungry.

You visited 1 branch of the dungeon, and saw 1 of its levels.

You collected 60 gold pieces.

Inventory:

Hand Weapons
 a - a +0 hand axe (weapon)
Missiles
 f - 8 tomahawks (quivered)
Armour
 b - a +0 animal skin (worn)
Scrolls
 e - a scroll of identify {unknown}
Potions
 d - a potion of cancellation {unknown}
 g - a potion of curing {unknown}
Comestibles
 c - a ration


   Skills:
 + Level 4.0 Fighting
 * Level 4.1 Axes
 + Level 2.6 Armour
 - Level 2.3 Dodging


You had one spell level left.
You didn't know any spells.
Your spell library was empty.

Dungeon Overview and Level Annotations

Branches:
Dungeon (1/15)

Altars:


Innate Abilities, Weirdness & Mutations

You reflexively headbutt those who attack you in melee.
You have a pair of horns on your head.


Message History

The kobold closely misses you.
You completely miss the kobold. The kobold hits you but does no damage.
You closely miss the kobold. Your headbutt misses the kobold.
The kobold hits you with a whip of freezing!
* * * LOW HITPOINT WARNING * * *
The kobold freezes you.
* * * LOW HITPOINT WARNING * * *
You closely miss the kobold. Your headbutt misses the kobold.
The kobold hits you but does no damage.
You barely miss the kobold. The kobold barely misses you.
A red film seems to cover your vision as you go berserk!
You feel yourself moving faster!
You feel mighty!
You feel a lot more hungry.
The kobold hits you with a whip of freezing.
* * * LOW HITPOINT WARNING * * *
The kobold freezes you.
* * * LOW HITPOINT WARNING * * *
You closely miss the kobold. The kobold barely misses you.
You barely miss the kobold.
The kobold hits you with a whip of freezing.
You die...

#.........##...#......
#.........##...#....##
#.........##...#.#....
#.........##...#.#.###
#$........######.#.... .
#....$....# #.##### ...
#.......(.######.....)
.....#...†...........).....
..........@K...############
.......######...... #
....... #......# # .......
#......+ # ....... #......#
# ####... .......# # #...
...#.... # #... #


You could see a kobold.

Vanquished Creatures
  A dart slug (D:1)
  A leopard gecko (D:1)
  4 hobgoblins (D:1)
  5 bats (D:1)
  A frilled lizard (D:1)
  3 kobolds (D:1)
15 creatures vanquished.

Notes
Turn   | Place    | Note
-------+----------+-------------------------------------------
     0 | D:1      | Maize the Minotaur Berserker began the quest for the Orb.
     0 | D:1      | Reached XP level 1. HP: 19/19 MP: 0/0
   309 | D:1      | Reached XP level 2. HP: 19/27 MP: 1/1
   637 | D:1      | Slain by a kobold

Vault maps used:
D:1:      eino_arrival_druids_welcome

Skill      XL: |  1  2 |
---------------+-------+-----
Axes           | 4 |  4.1
Fighting       | 4 |  4.0
Armour         | |  2.6
Dodging        | |  2.3

Action                   || total
-------------------------++-------
Melee: Hand axe          ||    49
Invok: Berserk           ||     1
  Use: Potion            ||     1
Armor: Animal skin       ||    12
Dodge: Dodged            ||    42

Table legend:
 A = Spawn XP
 B = Non-spawn XP
 C = Spawn XP percentage of total XP
 D = Spawn monster count
 E = Non-spawn monster count
 F = Spawn count percentage of total count
 G = Total turns spent on level
                    A         B        C        D         E        F      G
               +---------+---------+-------+---------+---------+-------+---------
         Total |       0 |      26 |   0.0 |       0 |      15 |   0.0 |   637
               +---------+---------+-------+---------+---------+-------+---------
           D:1 |       0 |      26 |   0.0 |       0 |      15 |   0.0 |   637
               +---------+---------+-------+---------+---------+-------+---------
